 Dungeon Crawl Stone Soup version 0.25.0-9-g26727b657a (webtiles) character file.

Game seed: 13774657003126206186

219 Froggeryz the Ruffian (level 5, -8/30 HPs)
             Began as a Gargoyle Transmuter on June 19, 2020.
             Killed from afar by an orc wizard (9 damage)
             ... with a magic dart
             ... on level 5 of the Dungeon.
             The game lasted 00:05:06 (4174 turns).

Froggeryz the Ruffian (Gargoyle Transmuter)         Turns: 4174, Time: 00:05:07

Health: -8/30      AC: 10    Str: 12 (15) XL:     5   Next: 96%
Magic:  8/8        EV: 10    Int: 11 (13) God:
Gold:   210        SH:  0    Dex:  7 (10) Spells: 7/8 levels left

rFire    + . .     SeeInvis +     - Unarmed
rCold    + . .     Gourm    .   (no shield)
rNeg     + . .     Faith    .   k - +0 ring mail
rPois    ∞         Spirit   .   c - +0 helmet
rElec    +         Reflect  .   (no cloak)
rCorr    +         Harm     .   (no gloves)
MR       .....                  (no boots)
Stlth    ..........             (no amulet)
HPRegen  0.10/turn              f - ring of see invisible
MPRegen  0.11/turn              (no ring)

@: brilliant, resistant, stab, flying, hasted, very quick
A: negative energy resistance 1, electricity resistance, unbreathing,
petrification resistance, rot immunity, AC +4
a: no special abilities


You were on level 5 of the Dungeon.
You were not hungry.

You visited 1 branch of the dungeon, and saw 5 of its levels.

You collected 210 gold pieces.

Inventory:

Missiles
 a - 50 arrows
Armour
 c - a +0 helmet (worn)
 k - a +0 ring mail (worn)
Jewellery
 f - a ring of see invisible (left hand)
 u - an uncursed ring of protection from fire {unknown}
Scrolls
 g - a scroll of magic mapping
 h - 4 scrolls of identify {unknown}
 n - a scroll of immolation {unknown}
 o - a scroll of blinking {unknown}
 p - a scroll of enchant weapon {unknown}
 q - 5 scrolls of remove curse {unknown}
 r - a scroll of enchant armour {unknown}
 t - a scroll of fog {unknown}
 v - a scroll of amnesia {unknown}
Potions
 e - a potion of magic
 m - a potion of stabbing
Comestibles
 d - 10 rations


   Skills:
 + Level 2.1 Fighting
 - Level 2.0 Armour
 - Level 1.5 Dodging
 * Level 5.5 Unarmed Combat
 - Level 2.0 Spellcasting
 - Level 2.0 Transmutations


You had 7 spell levels left.
You knew the following spells:

 Your Spells              Type           Power        Failure   Level  Hunger
a - Beastly Appendage     Tmut           #.....       28%         1    None

Your spell library contained the following spells:

 Spells                   Type           Power        Failure   Level  Hunger
 Sticks to Snakes         Tmut           #.......     38%         2    None
 Spider Form              Tmut/Pois      #.........   77%         3    None
 Ice Form                 Ice/Tmut       #.......     99%         4    None
 Blade Hands              Tmut           #.........   100%        5    None


Dungeon Overview and Level Annotations

Branches:
Dungeon (5/15)
 Temple: D:4-7

Altars:
Ashenzari
Elyvilon

Annotations:
D:3 Terence


Innate Abilities, Weirdness & Mutations

You are resistant to torment.
Your stone body is resilient. (AC +4)
You are immune to poison.
You resist negative energy. (rN+)
You are resistant to electric shocks. (rElec)
You can survive without breathing.
You are immune to petrification.
You are immune to rotting.


Message History

The orc wizard hits you but does no damage. x2
It was a potion of haste.
You feel yourself speed up.
The orc wizard hits you but does no damage.
The orc priest hits you but does no damage.
The orc wizard gestures at you while chanting.
The puff of frost hits you. You resist.
* * * LOW HITPOINT WARNING * * *
It was a potion of flight.
You feel very buoyant.
You fly up into the air.
The orc wizard gestures at you while chanting.
The magic dart hits you.
* * * LOW HITPOINT WARNING * * *
The orc priest hits you but does no damage.
As you read the scroll labeled NANNAM ACWAC, it crumbles to dust.
You feel aware of your surroundings.
It was a scroll of magic mapping.
The orc wizard barely misses you.
The orc wizard points at you and mumbles some strange words.
The magic dart hits you!
You die...

,,,,,,,,,****#......*,,,*,*,*
******,,,,,,,#.....,,,*,,,*,*
***<***,#.....,,,,,,*,,*
*,***,#..#.#,*,**,*,**
*,.##,#..#.#,*,**,*,*
********,....#..#.#,,,,,.,,*
,,,,,,,,,.....)...#,,,...,**
********,.###..##o##.._..,*
,* *,,,*#..o@o.......** ,*
*,*,*##.#####.....* ,*
*,,,,..,,>,,,,#.#.* ,*
***#.#*,*******,#,* ,*******
#.,,,,,,,,,,,,*,* ,,,,,,,*
#,*,*,*********,*
*,,,,,,***,*,,,* *,*
+,,,,,,+,,,**,,* *,*
*,,,,,,******,,*** *,*


You could see an orc priest and 2 orc wizards.

Vanquished Creatures
  A scorpion (D:4)
  A bullfrog zombie (D:2)
  6 adders
  An ooze (D:4)
  4 worms
  3 dart slugs
  A leopard gecko (D:3)
  4 orcs
  2 ball pythons
  3 bats
  2 giant cockroaches (D:3)
  10 goblins
  5 hobgoblins
  6 jackals
  4 kobolds
  A quokka (D:2)
  4 frilled lizards
  5 rats
63 creatures vanquished.

Notes
Turn   | Place    | Note
-------+----------+-------------------------------------------
     0 | D:1      | Froggeryz the Gargoyle Transmuter began the quest for the
                  | Orb.
     0 | D:1      | Reached XP level 1. HP: 12/12 MP: 3/3
   512 | D:1      | Reached XP level 2. HP: 16/16 MP: 5/5
  1230 | D:2      | Reached XP level 3. HP: 15/20 MP: 6/6
  1337 | D:2      | Reached skill level 4 in Unarmed Combat
  1404 | D:2      | Reached skill level 1 in Armour
  1404 | D:2      | Reached XP level 4. HP: 4/25 MP: 7/7
  2434 | D:3      | Reached XP level 5. HP: 26/29 MP: 8/8
  2601 | D:3      | Reached skill level 5 in Unarmed Combat
  2750 | D:3      | Noticed Terence
  3120 | D:3      | Found a faded altar of an unknown god.
  3371 | D:4      | Found a white marble altar of Elyvilon.
  4011 | D:5      | Entered Level 5 of the Dungeon
  4011 | D:5      | Found a shattered altar of Ashenzari.
  4173 | D:5      | HP: 1/30 [orc wizard/magic dart (4)]
  4174 | D:5      | Killed from afar by an orc wizard

Illustrated notes

Levels and vault maps discovered:
D:1:      dpeg_arrival_rooms_a, layout_basic
D:2:      layout_basic, first_ration
D:3:      layout_loops_cross, chequers_ecumenical_altar_simple, uniq_terence
D:4:      layout_loops_cross, st_stairs_9, elyvilon_altar_4
D:5:      layout_basic, basic_altar, gammafunk_ghost_split

Skill      XL: |  1  2  3  4  5 |
---------------+----------------+-----
Transmutations | 2 |  2.0
Unarmed Combat | 4 5 |  5.5
Armour         | 1 2 |  2.0
Fighting       | 2 |  2.1
Dodging        | |  1.5
Spellcasting   | |  2.0

Action                   |  1- 3 |  4- 6 || total
-------------------------+-------+-------++-------
Melee: Unarmed           |   109 |   263 ||   372
       Punch             |     1 |     5 ||     6
  Use: Potion            |       |     9 ||     9
       Scroll            |       |     1 ||     1
  Eat: Chunk             |     1 |    10 ||    11
Armor: Robe              |     9 |       ||     9
       Ring mail         |    33 |   143 ||   176
Dodge: Dodged            |    56 |   146 ||   202
